 Dungeon Crawl Stone Soup version 0.31-a0-232-gb1c03b2570 (webtiles) character file.

Game seed: 2487284341710420864

538 qw the Shooter (level 7, -1/43 HPs)
             Began as a Gargoyle Hexslinger on July 6, 2023.
             Slain by an orc
             ... wielding a +0 war axe
              (6 damage)
             ... on level 5 of the Dungeon.
             The game lasted 00:01:34 (3563 turns).

qw the Shooter (Gargoyle Hexslinger)                Turns: 3563, Time: 00:01:35

Health: -1/43      AC: 12    Str: 11      XL:     7   Next: 26%
Magic:  8/8        EV: 11    Int: 14      God:
Gold:   169        SH:  0    Dex: 13 (14) Spells: 7/8 levels left

rFire   . . .        Y - +1 sling
rCold   . . .        (no shield)
rNeg    + . .        g - +0 leather armour
rPois   inf          n - +0 helmet
rElec   +            a - +0 cloak
rCorr   .            (no gloves)
SInv    .            q - +1 pair of boots
Will    .....        f - amulet of regeneration
Stlth   +            (no ring)
HPRegen 1.07/turn    (no ring)
MPRegen 0.11/turn

%: no passive effects
@: no status effects
A: sickness immunity, AC +4, negative energy resistance 1, electricity
resistance, torment resistance 1, petrification resistance
a: no special abilities


You were on level 5 of the Dungeon.
You visited 2 branches of the dungeon, and saw 6 of its levels.

You collected 169 gold pieces.


Innate Abilities, Weirdness & Mutations

You are immune to sickness and miasma.
Your stone body is resilient. (AC +4)
You are immune to poison.
You resist negative energy. (rN+)
You are resistant to electric shocks. (rElec)
You are resistant to unholy torment.
You are immune to petrification.


   Skills:
 - Level 4.2 Fighting
 + Level 6.4 Ranged Weapons
 - Level 1.5 Armour
 - Level 1.5 Dodging
 - Level 1.0 Spellcasting
 - Level 2.6 Hexes


You had 7 spell levels left.
You knew the following spells:

 Your Spells              Type           Power      Damage    Failure   Level
a - Slow                  Hex            32%        N/A       12%         1

Your spell library contained the following spells:

 Spells                   Type           Power      Damage    Failure   Level
 Inner Flame              Hex/Fire       4%         N/A       52%         3
 Portal Projectile        Hex/Tloc       8%         N/A       52%         3
 Cause Fear               Hex            4%         N/A       75%         4

Inventory:

Hand Weapons
 Y - a +1 sling (weapon)
Armour
 a - a +0 cloak (worn)
 g - a +0 leather armour (worn)
 n - a +0 helmet (worn)
 q - a +1 pair of boots (worn)
Jewellery
 f - an amulet of regeneration (around neck)
Scrolls
 c - a scroll of identify
Potions
 e - a potion of attraction {unknown}
 h - a potion of might {unknown}
 i - a potion of haste {unknown}
 j - a potion of ambrosia {unknown}
 o - a potion of mutation {unknown}
 r - a potion of enlightenment {unknown}

Dungeon Overview and Level Annotations

Branches:
Dungeon (5/15)             Temple (1/1) D:4

Altars:
Cheibriados
Fedhas
Gozag
Hepliaklqana
Kikubaaqudgha
Makhleb
Nemelex Xobeh
Qazlal
Ru
Sif Muna
Trog
Uskayaw
Vehumet
Wu Jian
Xom
Yredelemnul
Zin
The Shining One

Shops:
D:3 (


Message History

The hound bites you. The orc hits you but does no damage.
The orc hits you with a +0 war axe. The orc hits you but does no damage.
The hound bites you but does no damage.
You shoot a sling bullet.
The sling bullet completely misses the hound.
The orc hits you with a +0 hand axe.
The orc wizard casts a spell.
The orc wizard flickers and vanishes!
Deactivating autopickup; reactivate with Ctrl-A.
The orc misses you. The orc closely misses you.
The hound bites you but does no damage. The orc hits you but does no damage. x2
The orc barely misses you. The hound bites you but does no damage.
You shoot a sling bullet. The sling bullet hits the hound.
The hound is severely wounded.
The hound bites you. The orc misses you. The orc closely misses you.
The orc barely misses you.
You shoot a sling bullet. The sling bullet hits the hound.
The hound is almost dead.
The hound bites you but does no damage. The orc hits you with a +0 hand axe.
The hound bites you. The orc barely misses you. The orc closely misses you.
You shoot a sling bullet.
The sling bullet barely misses the hound.
The hound misses you. The orc hits you but does no damage.
An ice beast comes into view.
The orc barely misses you. The orc hits you with a +0 whip.
The hound bites you but does no damage.
You shoot a sling bullet. The sling bullet hits the hound.
You kill the hound!
The orc hits you with a +0 war axe. The orc hits you but does no damage.
The orc hits you with a +0 whip.
You feel your intelligence returning.
You shoot a sling bullet. The sling bullet barely misses the orc.
The orc barely misses you. Something hits you but does no damage.
The orc barely misses you. The orc misses you.
You shoot a sling bullet. The sling bullet hits the orc.
The orc is lightly wounded.
The orc misses you. Something hits you. The orc hits you but does no damage.
The orc barely misses you. The orc hits you but does no damage.
The orc closely misses you. The orc hits you with a +0 war axe.
You die...

####..#...........
.............##...
.###[)..#........#
..##....#..<... #
...##.#.........
..............[.
#.......####....
...###..oo......
##. ##.@##...>. #
##o{......
###...... ......
#.... [... ... ..


You could see 3 orcs.

Vanquished Creatures
  An ogre (D:5)
  3 hounds
  5 jellies
  An iguana (D:3)
  3 gnolls (D:2)
  8 adders
  A worm (D:2)
  A dart slug (D:4)
  5 orcs
  16 endoplasms
  A giant cockroach (D:4)
  8 goblins
  4 hobgoblins
  4 jackals (D:2)
  3 quokkas
  6 ball pythons
  7 bats
  4 frilled lizards
  8 kobolds (D:2)
  7 rats
96 creatures vanquished.

Notes
Turn   | Place    | Note
-------+----------+-------------------------------------------
     0 | D:1      | qw the Gargoyle Hexslinger began the quest for the Orb.
     0 | D:1      | Reached XP level 1. HP: 12/12 MP: 2/2
     0 | D:1      | 0 ||| qw: Version: 0.3-a-46-gb1f654a
     0 | D:1      | 0 ||| qw: Game counter: 2102
     0 | D:1      | 0 ||| qw: Melee chars always use a shield: true
     0 | D:1      | 0 ||| qw: God list: Okawaru
     0 | D:1      | 0 ||| qw: Allow faded altars: false
     0 | D:1      | 0 ||| qw: Do Orc after clearing Dungeon:15 true
     0 | D:1      | 0 ||| qw: Do second Lair branch before Depths: true
     0 | D:1      | 0 ||| qw: Lair rune preference: random
     0 | D:1      | 0 ||| qw: Goals: Normal
     0 | D:1      | 0 ||| PLANNING D:1-11
   178 | D:1      | Reached XP level 2. HP: 16/16 MP: 3/3
   452 | D:1      | Reached skill level 3 in Ranged Weapons
   795 | D:1      | 795 ||| UPGRADING to +0 leather armour.
   805 | D:1      | 805 ||| DROPPING +0 robe.
   806 | D:1      | 806 ||| UPGRADING to amulet of regeneration.
   811 | D:1      | 811 ||| READING scroll labelled LOSOJI TYNG.
   812 | D:1      | 812 ||| READING scroll labelled XIDUUDGH HUCWOG.
   813 | D:1      | 813 ||| READING scroll labelled FIBAXE XUIGYN.
   816 | D:1      | 816 ||| DROPPING scroll of poison.
   868 | D:2      | Reached XP level 3. HP: 21/21 MP: 4/4
   973 | D:2      | Reached XP level 4. HP: 25/26 MP: 5/5
  1070 | D:2      | Found a hide-covered altar of Uskayaw.
  1132 | D:2      | Reached skill level 4 in Ranged Weapons
  1168 | D:2      | 1168 ||| Stepping ~*~*~tactically~*~*~ (outnumbered).
  1247 | D:2      | Reached XP level 5. HP: 22/30 MP: 6/6
  1252 | D:2      | Reached skill level 5 in Ranged Weapons
  1661 | D:2      | 1661 ||| UPGRADING to +0 pair of boots.
  1666 | D:2      | 1666 ||| UPGRADING to +0 helmet.
  1671 | D:2      | 1671 ||| DROPPING ring of flight.
  1672 | D:2      | 1672 ||| READING scroll labelled ISOWU BEQI.
  1832 | D:3      | Found a faded altar of an unknown god.
  1847 | D:3      | Reached skill level 3 in Fighting
  1847 | D:3      | Reached XP level 6. HP: 32/37 MP: 7/7
  2117 | D:3      | Found Natun's Antique Weapon Shop.
  2129 | D:3      | 2129 ||| SHOPLISTING runed shortbow (138 gold, have 135).
  2258 | D:3      | Identified the +11 mace of the Final Decision {heavy, rElec
                  | rF- rN+ Str+2}
  2357 | D:3      | Found an ancient bone altar of Kikubaaqudgha.
  2499 | D:3      | 2499 ||| UPGRADING to +1 pair of boots.
  2509 | D:3      | 2509 ||| DROPPING +0 pair of boots.
  2510 | D:3      | 2510 ||| READING scroll labelled RONLAE WUEKKI.
  2511 | D:3      | 2511 ||| READING scroll labelled EWUUST SAYBONG.
  2512 | D:3      | 2512 ||| DRINKING 2 clear potions.
  2535 | D:4      | Reached skill level 1 in Armour
  2596 | D:4      | Found a staircase to the Ecumenical Temple.
  2597 | D:4      | 2597 ||| PLANNING TEMPLE
  2597 | D:4      | 2597 ||| READING scroll labelled LAOSHA SUGOUTA.
  2598 | D:4      | 2598 ||| DRINKING 2 coppery potions.
  2599 | D:4      | 2599 ||| DROPPING potion of degeneration.
  2630 | Temple   | Entered the Ecumenical Temple
  2779 | Temple   | 2779 ||| PLANNING D:1-11
  2890 | D:4      | 2890 ||| READING 3 scrolls of identify.
  2890 | D:4      | 2890 ||| IDENTIFYING fuming cyan potion
  2891 | D:4      | 2891 ||| READING 2 scrolls of identify.
  2891 | D:4      | 2891 ||| IDENTIFYING green potion
  2892 | D:4      | 2892 ||| DROPPING potion of berserk rage.
  2893 | D:4      | 2893 ||| DROPPING potion of brilliance.
  2903 | D:4      | 2903 ||| STAIRDANCE
  2912 | D:3      | 2912 ||| UPGRADING to +0 cloak.
  3267 | D:4      | Reached skill level 6 in Ranged Weapons
  3494 | D:5      | Entered Level 5 of the Dungeon
  3521 | D:5      | Reached XP level 7. HP: 18/43 MP: 8/8
  3541 | D:5      | HP: 10/43 [hound (5)]
  3542 | D:5      | 3542 ||| DRINKING potion of heal wounds.
  3561 | D:5      | HP: 10/43 [orc/+0 war axe (4)]
  3563 | D:5      | Slain by an orc

Levels and vault maps discovered:
D:1:      minmay_arrival_semitransparent, layout_basic, kennysheep_doodads,
          corexii_corridor_pit, serial_park_tiny_pond,
          nicolae_kite_square_tiling_tiny, minmay_pentomino_z2
D:2:      cheibrodos_fertilizer, layout_basic, basic_altar,
          minmay_misc_feat_cross
D:3:      layout_loops_corners, nicolae_overflow_hidden_temple, serial_shops,
          shop, shapermc_ecumenical_altar_rom_forum
D:4:      minmay_chambers_of_twos, layout_loops_cross, minmay_temple_entry_tees
D:5:      layout_rooms, nicolae_dithmenos_the_darkroom,
          mainiacjoe_overflow_concentric_impassable
Temple:   bh_familiar_temple

Skill      XL: |  1  2  3  4  5  6 |
---------------+-------------------+-----
Ranged Weapons | 3 4 5 6 |  6.4
Fighting       | 2 3 4 |  4.2
Armour         | 1 |  1.5
Dodging        | |  1.5
Spellcasting   | |  1.0
Hexes          | |  2.6

Action                     |  1- 3 |  4- 6 |  7- 9 || total
---------------------------+-------+-------+-------++-------
   Fire: Sling             |    84 |   279 |    42 ||   405
    Use: Scroll            |     3 |     6 |       ||     9
         Potion            |       |     2 |     1 ||     3
 Armour: Leather armour    |    14 |    99 |    73 ||   186
         Robe              |     3 |       |       ||     3
  Dodge: Dodged            |    30 |   112 |    69 ||   211

Table legend:
 A = Non-vault XP
 B = Vault XP
 C = Vault XP percentage of total XP
 D = Non-vault monster count
 E = Vault monster count
 F = Vault count percentage of total count
                 A         B        C        D         E       F
            +---------+---------+-------+---------+---------+-------
      Total |     518 |     251 |  32.6 |      67 |      29 |  30.2
            +---------+---------+-------+---------+---------+-------
        D:1 |      27 |       2 |   6.9 |      20 |       2 |   9.1
        D:2 |      97 |     155 |  61.5 |      20 |      19 |  48.7
        D:3 |      48 |       0 |   0.0 |       6 |       0 |   0.0
        D:4 |     130 |      94 |  42.0 |      16 |       8 |  33.3
        D:5 |     216 |       0 |   0.0 |       5 |       0 |   0.0
            +---------+---------+-------+---------+---------+-------
